Map: Terraformation EC (Void)

Players

AngryDog

  • Race: Protoss Protoss
  • League: Gold

Nilou - Winner!

  • Race: Zerg Zerg
  • League: Gold

VOD

Have the link to the VOD?

Description

Time

  • Played on: Aug. 28, 2015, 1:57 a.m.
  • Length: 12:16
Show
View Real Time Build Order
Export as new Build Order

AngryDog Protoss 

Build Orders: 1 Gate Expand 

Get SALT Encoding   

  12  0:00  Probe  
  13  0:13  Probe  
  14  0:20  Pylon  
  14  0:25  Probe  
  15  0:38  Probe  
  15  0:42  Gateway  
  16  0:51  Probe  
  16  0:55  Assimilator  
  17  1:03  Probe  
  18  1:07  Assimilator  
  18  1:15  Probe  
  19  1:31  Nexus  
  19  1:32  Probe  
  20  1:44  Cybernetics Core  
  20  1:55  Pylon  
  20  1:57  Probe  
  21  2:06  Warp Gate  
  21  2:10  Probe  
  21  2:13  Zealot  
  24  2:22  Probe  
  25  2:31  Robotics Facility  
  25  2:34  Probe  
  26  2:44  Probe  
  26  2:46  Probe  
  26  2:49  Adept, Pylon  
  30  3:02  Probe x2  
  31  3:15  Probe  
  31  3:17  Mothership Core  
  34  3:22  Observer  
  34  3:25  Assimilator  
  35  3:27  Probe  
  35  3:28  Assimilator  
  35  3:30  Zealot  
  35  3:31  Pylon  
  38  3:36  Pylon  
  38  3:38  Probe  
  38  3:39  Probe  
  40  3:51  Observer  
  41  3:59  Probe  
  42  4:11  Probe  
  43  4:17  Zealot  
  45  4:31  Gateway  
  44  4:32  Gateway  
  44  4:36  Gateway  
  34  4:39  Gateway  
  34  4:42  Pylon  
  34  4:43  Zealot  
  36  4:48  Gateway  
  36  4:49  Gateway  
  36  5:04  Zealot  
  28  5:11  Probe  
  29  5:19  Robotics Bay  
  29  5:20  Pylon  
  29  5:25  Zealot  
  31  5:37  Zealot  
  31  5:38  Zealot  
  31  5:46  Zealot x2  
  31  5:49  Zealot  
  37  5:59  Stalker  
  38  6:10  Stalker  
  40  6:11  Sentry  
  40  6:12  Stalker, Zealot  
  34  6:27  Zealot  
  34  6:30  Probe  
  34  6:39  Zealot  
  36  6:42  Probe  
  37  6:53  Zealot x2  
  37  6:54  Probe, Zealot  
  38  7:19  Zealot  
  38  7:20  Zealot  
  34  7:31  Probe  
  33  7:44  Probe  
  34  7:46  Nexus  
  34  7:51  Sentry  
  36  7:52  Sentry  
  36  7:55  Sentry  
  40  8:14  Pylon  
  40  8:23  Pylon x2  
  37  8:38  Zealot x2  
  39  8:43  Zealot x2  
  39  8:44  Zealot  
  45  9:03  Pylon  
  45  9:06  Pylon  
  43  9:25  Sentry x2  
  43  9:36  Sentry  
  43  9:51  Sentry  
  43  9:52  Sentry x2  
  45  10:09  Sentry x2  
  49  10:23  Nexus  
  49  10:27  Zealot x2  
  49  10:28  Zealot  
  53  10:50  Colossus  
  59  11:25  Zealot x2  
  37  11:56  Zealot x2  
  37  11:57  Zealot x2  
Show
View Real Time Build Order
Export as new Build Order

Nilou Zerg - Winner!

Build Orders: Hatch First 

Get SALT Encoding   

  12  0:01  Drone  
  13  0:13  Overlord  
  13  0:20  Drone  
  14  0:29  Drone, Extractor  
  15  0:42  Drone  
  16  0:52  Hatchery  
  16  0:55  Drone  
  16  1:00  Drone, Extractor  
  16  1:17  Spawning Pool  
  15  1:19  Drone  
  16  1:33  Drone  
  16  1:38  Drone  
  18  2:01  Hatchery  
  18  2:06  Queen  
  19  2:13  Metabolic Boost  
  19  2:17  Drone  
  19  2:21  Drone  
  21  2:26  Drone  
  22  2:34  Queen  
  24  2:43  Overlord  
  24  2:47  Zergling x4  
  26  3:02  Drone  
  26  3:03  Drone x2  
  26  3:04  Drone  
  26  3:05  Drone  
  31  3:11  Drone  
  32  3:16  Queen  
  34  3:23  Pneumatized Carapace  
  34  3:24  Drone  
  35  3:34  Zergling x2  
  35  3:35  Zergling x8  
  35  3:37  Zergling x2  
  35  3:38  Zergling x2  
  42  3:49  Overlord  
  42  3:50  Overlord x2  
  42  4:13  Zergling x2  
  42  4:14  Zergling x18  
  49  4:25  Zergling x10  
  49  4:26  Zergling x2  
  49  4:30  Zergling x2  
  55  4:32  Zergling x2  
  56  4:41  Zergling x4  
  55  5:00  Zergling x2  
  55  5:01  Zergling x14  
  58  5:09  Zergling x2  
  58  5:10  Zergling x2  
  57  5:20  Zergling x12  
  57  5:21  Zergling x2  
  60  5:38  Zergling x10  
  63  5:43  Zergling x4  
  62  5:56  Zergling x10  
  55  6:18  Hatchery  
  55  6:20  Zergling x2  
  55  6:21  Zergling x18  
  58  6:31  Zergling x12  
  60  6:45  Zergling x8  
  57  7:10  Drone x5  
  57  7:11  Drone, Zergling x2  
  57  7:12  Zergling x6  
  64  7:26  Burrow  
  56  7:31  Queen  
  56  7:33  Drone x5  
  56  7:34  Drone  
  56  7:35  Zergling x10  
  63  7:48  Zergling x2  
  63  7:49  Zergling x6  
  67  7:53  Zergling x4  
  67  7:56  Zergling x4  
  67  7:57  Overlord x2  
  69  8:06  Zergling x4  
  69  8:07  Zergling x4  
  69  8:09  Overlord  
  70  8:18  Zergling x6  
  72  8:23  Zergling x8  
  72  8:30  Zergling x4  
  72  8:31  Zergling x12  
  79  8:37  Zergling x2  
  79  8:38  Zergling x2  
  79  8:40  Zergling x8  
  81  8:44  Zergling x4  
  79  8:55  Drone  
  74  8:56  Drone  
  74  8:58  Drone x2  
  74  8:59  Drone  
  74  9:01  Hatchery  
  73  9:03  Hatchery  
  73  9:05  Hatchery, Zergling x6  
  73  9:06  Zergling x8  
  78  9:21  Zergling x4  
  78  9:22  Zergling x12  
  79  9:29  Zergling x2  
  79  9:30  Zergling x2  
  73  9:38  Lair  
  65  9:40  Zergling x2  
  65  9:41  Zergling x14  
  62  10:06  Zergling x6  
  62  10:07  Zergling x20  
  73  10:10  Zergling x2  
  72  10:18  Zergling x4  
  72  10:19  Zergling x14  
  72  10:20  Hatchery x2, Queen, Zergling x2  
  79  10:21  Queen  
  79  10:22  Queen  
  79  10:27  Overlord x4  
  70  10:45  Zergling x22  
  70  10:46  Zergling x8  
  83  10:50  Drone  
  83  10:51  Drone  
  83  10:52  Drone  
  83  10:53  Drone  
  83  10:54  Drone x2  
  89  10:58  Zergling x6  
  89  10:59  Zergling x4  
  94  11:10  Zergling x2  
  95  11:11  Zergling x22  
  106  11:23  Zergling x18  
  106  11:24  Zergling x6  
  117  11:32  Zergling x18  
  116  11:50  Zergling x6  
  116  11:51  Zergling x30  
  116  11:52  Zergling x6  
Tags
 
Add a new tag
Caveats
  • Supply blocks, unpowered buildings, or Contaminate may cause inaccurate times.
  • Supply counts are checked every 10 seconds.